[Event "GrandPrix_30.05"]
[Site "Chess.com"]
[Date "2020.05.30"]
[Round "5"]
[White "Sporty207"]
[Black "BairaKovanova"]
[Result "1/2-1/2"]
[WhiteElo "2204"]
[BlackElo "2117"]
[TimeControl "600+2"]
[EndTime "10:09:28 PDT"]
[Termination "Game drawn by agreement"]

1. d4 Nf6 2. c4 e6 3. Nc3 Bb4 4. e3 O-O 5. Bd2 d5 6. Nf3 b6 7. cxd5 Nxd5 8. Nxd5 Bxd2+ 9. Qxd2 Qxd5 10. Bd3 Ba6 11.
Rc1 Bxd3 12. Qxd3 c5 13. O-O Nd7 14. Qb1 cxd4 15. Rfd1 e5 16. exd4 e4 17. Ne1 Nf6 18. Nc2 1/2-1/2

[Event "GrandPrix_30.05"]
[Site "Chess.com"]
[Date "2020.05.30"]
[Round "5"]
[White "Lukianoo"]
[Black "Funo09"]
[Result "0-1"]
[WhiteElo "2565"]
[BlackElo "2711"]
[TimeControl "600+2"]
[EndTime "10:09:39 PDT"]
[Termination "Funo09 won by resignation"]

1. e4 c5 2. Nf3 Nf6 3. e5 Nd5 4. Nc3 e6 5. b3 Nc6 6. Bb5 Nxc3 7. dxc3 Qc7 8. Bf4 a6 9. Bxc6 Qxc6 10. O-O b5 11. Qd2 Bb7 12. Rad1 h6 13. h4 O-O-O 14. c4 g5 15. hxg5 hxg5 16. Bxg5 Qxf3 17. gxf3 Bxf3 18. Bh6 Bxh6 0-1

[Event "GrandPrix_30.05"]
[Site "Chess.com"]
[Date "2020.05.30"]
[Round "5"]
[White "Firegrizzly"]
[Black "AnotherGrumpy"]
[Result "1-0"]
[WhiteElo "2211"]
[BlackElo "1978"]
[TimeControl "600+2"]
[EndTime "10:10:40 PDT"]
[Termination "Firegrizzly won by resignation"]

1. e4 e5 2. Nf3 Nc6 3. d4 exd4 4. Nxd4 Nf6 5. Nxc6 bxc6 6. Bd3 Bb4+ 7. c3 Bc5 8. O-O O-O 9. e5 Nd5 10. Qh5 g6 11.
Qh6 Be7 12. Na3 d6 13. Nc4 Nb6 14. exd6 cxd6 15. Bf4 Nxc4 16. Bxc4 d5 17. Bd3 Bf6 18. Rfe1 Be6 19. Be5 Bxe5 20. Rxe5 Qf6 21. Rae1 Rab8 22. b3 Rfd8 23. h4 c5 24. h5 Qg7 25. Qf4 c4 26. h6 Qf8 27. Bc2 cxb3 28. Bxb3 Rbc8 29. Qe3 Qc5 30. Rxe6 1-0

[Event "GrandPrix_30.05"]
[Site "Chess.com"]
[Date "2020.05.30"]
[Round "5"]
[White "Margency"]
[Black "ly4o"]
[Result "1-0"]
[WhiteElo "2221"]
[BlackElo "2025"]
[TimeControl "600+2"]
[EndTime "10:12:29 PDT"]
[Termination "Margency won by resignation"]

1. e4 c5 2. Nf3 Nc6 3. d4 cxd4 4. Nxd4 Qb6 5. Nb3 Nf6 6. Nc3 e6 7. Bd3 a6 8. Be3 Qc7 9. f4 d6 10. Qf3 Be7 11. O-O-O Nd7 12. g4 b5 13. g5 Bb7 14.
Qh3 Nc5 15. Kb1 b4 16. Ne2 Rc8 17. g6 fxg6 18. Nxc5 dxc5 19. Qxe6 Qd6 20. Qh3 Nd4 21. Nxd4 cxd4 22. Bxd4 O-O 23. Be5 Qb6 24. Rhg1 Bf6 25. Bd6 Rfd8 26. e5 Rxd6 27. exd6 Qd4 28. c3 bxc3 29.
Bc2 Qb6 30. Qe6+ Kh8 31. Qb3 Qc6 32. Rge1 Qd7 33. Qe6 Qb5 34. b3 Qa5 35. Qxc8+ 1-0

[Event "GrandPrix_30.05"]
[Site "Chess.com"]
[Date "2020.05.30"]
[Round "5"]
[White "rim1618"]
[Black "weplaychess09"]
[Result "1-0"]
[WhiteElo "2406"]
[BlackElo "2088"]
[TimeControl "600+2"]
[EndTime "10:13:35 PDT"]
[Termination "rim1618 won by resignation"]

1. c4 e6 2. g3 d5 3. Bg2 Nf6 4. Nf3 Be7 5. O-O O-O 6. d4 dxc4 7. Qc2 c6 8. Qxc4 b5 9. Qc2 Bb7 10. Rd1 Nbd7 11. Ne5 Rc8 12. Nc3 a6 13. Bg5 Nxe5 14. dxe5 Nd5 15. Bxe7 Qxe7 16. Ne4 Rfd8 17. Nd6 Rc7 18.
Qc5 Ba8 19. e4 f6 20. f4 fxe5 21. fxe5 Nf6 22. exf6 gxf6 23. Rd2 Rcd7 24. Rad1 Bb7 25. b4 Qg7 26. Bh3 Qe7 27. e5 f5 28. Rd4 Ba8 29.
Bg2 Rc7 30. Nxf5 Qxc5 31. bxc5 Rxd4 32. Nxd4 Rd7 33. Bf3 a5 34. Nxe6 Rxd1+ 35. Bxd1 b4 36. Ba4 Kf7 37. Nd4 Ke7 38. Kf2 Kd7 39. Ke3 Bb7 40. Kf4 Ke7 41. Bxc6 1-0

[Event "GrandPrix_30.05"]
[Site "Chess.com"]
[Date "2020.05.30"]
[Round "5"]
[White "Micki-taryan"]
[Black "VSanduleac"]
[Result "1-0"]
[WhiteElo "2503"]
[BlackElo "2245"]
[TimeControl "600+2"]
[EndTime "10:13:37 PDT"]
[Termination "Micki-taryan won by resignation"]

1. d4 d6 2. e4 g6 3. Nf3 Bg7 4. Bc4 e6 5. O-O b6 6. c3 Bb7 7. Re1 Nd7 8. Nbd2 Ne7 9. Bb3 O-O 10. Nf1 c5 11. Ng3 Rc8 12. Bf4 cxd4 13. cxd4 e5 14. Be3 Nc6 15. Bd5 Qc7 16. Rc1 Qb8 17. Qa4 exd4 18.
Nxd4 Nxd4 19. Bxd4 Nc5 20. Qd1 Bh6 21. Rc3 Bxd5 22.
exd5 Rfe8 23. Rxe8+ Rxe8 24. h3 a5 25. Qf3 Qd8 26. Bf6 Qd7 27. Rc4 Bg7 28. Nh5 Bh6 29.
Bc3 gxh5 30. Qf6 Re5 31. Qxh6 Qf5 32. Bxe5 Qxe5 33. Rc3 1-0

[Event "GrandPrix_30.05"]
[Site "Chess.com"]
[Date "2020.05.30"]
[Round "5"]
[White "AvitalBor"]
[Black "khekhm"]
[Result "1/2-1/2"]
[WhiteElo "2630"]
[BlackElo "2456"]
[TimeControl "600+2"]
[EndTime "10:13:42 PDT"]
[Termination "Game drawn by repetition"]

1. e4 c5 2. c3 Nf6 3. e5 Nd5 4. d4 cxd4 5. cxd4 e6 6. Nf3 d6 7. Bc4 Be7 8. exd6 Bxd6 9. O-O O-O 10. Nc3 Nxc3 11. bxc3 b6 12. Bd3 Bb7 13. Ng5 h6 14. Qh5 Nd7 15. Bh7+ Kh8 16. Bc2 Kg8 17. Bh7+ Kh8 18.
Bc2 Kg8 19. Bh7+ 1/2-1/2

[Event "GrandPrix_30.05"]
[Site "Chess.com"]
[Date "2020.05.30"]
[Round "5"]
[White "Paulz64"]
[Black "Arasvard"]
[Result "1-0"]
[WhiteElo "2214"]
[BlackElo "2009"]
[TimeControl "600+2"]
[EndTime "10:13:44 PDT"]
[Termination "Paulz64 won by resignation"]

1. d4 Nf6 2. c4 g6 3. Nc3 Bg7 4. Bg5 O-O 5. e3 c5 6. d5 e6 7. Nf3 exd5 8. cxd5 d6 9. Nd2 h6 10. Bh4 Nbd7 11. Be2 a6 12. a4 Re8 13. O-O Ne5 14. e4 g5 15. Bg3 Nfd7 16. Qc2 Qe7 17. f4 gxf4 18. Bxf4 Ng6 19. Bg3 Nde5 20. Nc4 Rb8 21.
Ne3 Qg5 22. Nf5 Bxf5 23. exf5 Nf8 24. Ne4 Qd8 25. f6 Bh8 26. Bf4 Neg6 27. Bxh6 Nh7 28. Bh5 Rxe4 29. Bxg6 1-0

[Event "GrandPrix_30.05"]
[Site "Chess.com"]
[Date "2020.05.30"]
[Round "5"]
[White "Arm-Akiba"]
[Black "levvard"]
[Result "1-0"]
[WhiteElo "2702"]
[BlackElo "2053"]
[TimeControl "600+2"]
[EndTime "10:13:51 PDT"]
[Termination "Arm-Akiba won by resignation"]

1. d4 e6 2. c4 d6 3. Nf3 Be7 4. Nc3 c5 5. g3 cxd4 6. Nxd4 e5 7. Nc2 Nf6 8. Bg2 Nc6 9. O-O Be6 10.
b3 Qd7 11. Bg5 O-O 12. Bxf6 Bxf6 13. Nd5 Bd8 14. Qd2 Ba5 15. b4 Bb6 16. Rfd1 Rfc8 17. Rac1 Rd8 18. a4 Bc7 19. a5 Rac8 20. Qg5 Kf8 21. Qe3 Bf5 22. Qa3 Kg8 23. a6 bxa6 24.
Qxa6 Be6 25. Qxc6 a5 26. Qxd7 Rxd7 27. b5 Bxd5 28. Bxd5 Rdd8 29. Bc6 Rb8 30. Ne3 Bb6 31. Nd5 Bc5 32. Ra1 h5 33. Rxa5 Kh7 34. Kg2 f6 35.
Ne7 h4 36. Be4+ g6 37. Bxg6+ Kh6 38. Be4 Kg5 39. Nc6 h3+ 40. Kxh3 Rh8+ 41. Kg2 Rbe8 42.
h4+ Kh6 43. Ra6 Kg7 44. b6 f5 45. Bd5 Kf6 46. b7 f4 47. Rb1 fxg3 48. fxg3 1-0

[Event "GrandPrix_30.05"]
[Site "Chess.com"]
[Date "2020.05.30"]
[Round "5"]
[White "Frozygul"]
[Black "Herracek"]
[Result "1-0"]
[WhiteElo "2192"]
[BlackElo "2247"]
[TimeControl "600+2"]
[EndTime "10:14:13 PDT"]
[Termination "Frozygul won by resignation"]

1. d4 Nf6 2. c4 e5 3. dxe5 Ng4 4. Bf4 g5 5. Bg3 Bg7 6. Nf3 Nc6 7. Nc3 Ngxe5 8. Nxe5 Nxe5 9. h4 g4 10. h5 h6 11. e3 d6 12. Bh4 f6 13. Bd3 Be6 14.
Nd5 c6 15. Nf4 Qa5+ 16. Kf1 Bxc4 17. Bxc4 Nxc4 18. Qxg4 Nd2+ 19. Kg1 O-O 20. Ne6 Rf7 21.
Bxf6 Ne4 22. Bxg7 Nxf2 23. Qg6 Qf5 24. Qxf5 Rxf5 25. Rh4 Re8 26. Nd4 Rf7 27. Bxh6 Nd3 28. g4 Ne5 29. Kg2 Nc4 30. Nf5 Re4 31.
Kg3 Kh7 32. g5 1-0

[Event "GrandPrix_30.05"]
[Site "Chess.com"]
[Date "2020.05.30"]
[Round "5"]
[White "ZverevLev"]
[Black "ulkaf961"]
[Result "1-0"]
[WhiteElo "2117"]
[BlackElo "1957"]
[TimeControl "600+2"]
[EndTime "10:14:52 PDT"]
[Termination "ZverevLev won by resignation"]

1. e4 e6 2. d4 d5 3. Nc3 Nf6 4.
Bg5 Be7 5. e5 Nfd7 6. h4 h6 7.
Bxe7 Qxe7 8. f4 a6 9. Nf3 c5 10. Qd2 Nc6 11. O-O-O b5 12. g4 c4 13. f5 Bb7 14. Ne2 O-O-O 15. Nf4 Rhe8 16. Bh3 Kb8 17. g5 Nf8 18. Nh5 f6 19. gxf6 gxf6 20. Nxf6 exf5 21.
Bxf5 b4 22. Nxe8 Rxe8 23. Qxh6 Ka8 24. Qd6 Qf7 25. Qf6 Qc7 26. h5 c3 27. h6 Qa5 28.
Kb1 cxb2 29. h7 Nxh7 30. Rxh7 b3 31. cxb3 Qc3 32. Ng5 Nxd4 33. Qb6 1-0

[Event "GrandPrix_30.05"]
[Site "Chess.com"]
[Date "2020.05.30"]
[Round "5"]
[White "IwkooO"]
[Black "Mizner"]
[Result "1-0"]
[WhiteElo "2332"]
[BlackElo "2100"]
[TimeControl "600+2"]
[EndTime "10:15:11 PDT"]
[Termination "IwkooO won by resignation"]

1. e4 e6 2. d4 d5 3. Nd2 c5 4. exd5 Qxd5 5. Ngf3 cxd4 6. Bc4 Qc5 7. Qe2 Nc6 8. Nb3 Qb6 9. O-O Be7 10. a4 Bf6 11. a5 Qc7 12. Rd1 Nge7 13. Nbxd4 Nxd4 14. Nxd4 a6 15. c3 O-O 16. Nf3 Bd7 17. Be3 Bc6 18. Bb6 Qf4 19. Nd4 Bd5 20. Bd3 e5 21. g3 Qg5 22. h4 Qh6 23. Nf5 Nxf5 24. Bxf5 Bc6 25. Be3 g5 26. Qg4 Kh8 27. Rd6 Rg8 28. Rad1 Qg7 29.
Qh5 Rad8 30. hxg5 1-0

[Event "GrandPrix_30.05"]
[Site "Chess.com"]
[Date "2020.05.30"]
[Round "5"]
[White "DanielDardha2005"]
[Black "Karateloru"]
[Result "1-0"]
[WhiteElo "2344"]
[BlackElo "2166"]
[TimeControl "600+2"]
[EndTime "10:16:34 PDT"]
[Termination "DanielDardha2005 won by resignation"]

1. Nf3 f5 2. d3 Nf6 3. e4 d6 4. exf5 Bxf5 5. d4 Nbd7 6. Bd3 e6 7. O-O Be7 8. Bxf5 exf5 9. d5 Nf8 10. c4 Qd7 11.
Nc3 c5 12. Re1 Ng6 13. Ng5 O-O 14. b3 Ng4 15. Ne6 Bf6 16. Nxf8 Rxf8 17. Bb2 Bd4 18. Re2 Qd8 19. h3 Nf4 20. hxg4 Nxe2+ 21. Qxe2 fxg4 22. Ne4 Bxb2 23. Qxb2 Qe7 24. Re1 Rf4 25. Qe2 h5 26. Ng3 Qxe2 27. Rxe2 h4 28. Ne4 1-0

[Event "GrandPrix_30.05"]
[Site "Chess.com"]
[Date "2020.05.30"]
[Round "5"]
[White "temus_galaktionov"]
[Black "Azatic"]
[Result "1-0"]
[WhiteElo "2608"]
[BlackElo "2378"]
[TimeControl "600+2"]
[EndTime "10:16:59 PDT"]
[Termination "temus_galaktionov won by resignation"]

1. d4 Nf6 2. Nf3 g6 3. c4 Bg7 4. Nc3 O-O 5. e4 d6 6. Be2 e5 7. O-O Na6 8. Be3 Ng4 9. Bg5 Qe8 10. h3 h6 11. Bh4 exd4 12. Nxd4 Ne5 13. Qd2 Nc6 14. Ndb5 g5 15. Bg3 f5 16. exf5 Bxf5 17. Rae1 Qd7 18. Nd5 Ne5 19. Nd4 Rae8 20. Nxf5 Qxf5 21.
b4 c6 22. Ne3 Qg6 23. Rd1 Rd8 24. Ng4 Nc7 25. Nxe5 dxe5 26. Qxd8 Rxd8 27. Rxd8+ Bf8 28. Bxe5 Ne6 29. Bd3 Qh5 30. Rd7 Bxb4 31. Bf5 Qe8 32. Rfd1 Ba5 33. Bh7+ Kf8 34. Bd6+ 1-0

[Event "GrandPrix_30.05"]
[Site "Chess.com"]
[Date "2020.05.30"]
[Round "5"]
[White "iceboy88"]
[Black "PotapovaM"]
[Result "0-1"]
[WhiteElo "2257"]
[BlackElo "2198"]
[TimeControl "600+2"]
[EndTime "10:17:14 PDT"]
[Termination "PotapovaM won by checkmate"]

1. Nf3 d5 2. d4 Nf6 3. c4 e6 4. Nc3 Bb4 5. cxd5 exd5 6. Bf4 O-O 7.
e3 c6 8. Bd3 Bg4 9. Qc2 Nbd7 10. Ne5 Bh5 11. h3 Bg6 12. Nxg6 hxg6 13. a3 Be7 14.
O-O Re8 15. b4 a5 16. b5 c5 17. dxc5 Nxc5 18. Rfd1 Rc8 19. Qb2 Bd6 20. Bxd6 Qxd6 21. Be2 Qe5 22. Rac1 Nce4 23. Rd4 Nxf2 24. Nd1 Nxd1 25.
Rcxd1 Qxe3+ 26. Kf1 Ne4 27. Bf3 Ng3# 0-1

[Event "GrandPrix_30.05"]
[Site "Chess.com"]
[Date "2020.05.30"]
[Round "5"]
[White "Cocolino12"]
[Black "StephenDedalus83"]
[Result "1-0"]
[WhiteElo "2218"]
[BlackElo "2082"]
[TimeControl "600+2"]
[EndTime "10:17:31 PDT"]
[Termination "Cocolino12 won by resignation"]

1. e4 c5 2. Nf3 Nc6 3. c3 Nf6 4. e5 Nd5 5. d4 cxd4 6. cxd4 d6 7. Bc4 dxe5 8. Bxd5 Qxd5 9. Nc3 Qd6 10. d5 Nd4 11. Nxd4 exd4 12. Qxd4 e5 13. Qc4 Bd7 14. O-O Rc8 15.
Qb3 Qb4 16. Be3 a6 17. f4 Qxb3 18. axb3 exf4 19. Rxf4 f5 20. Bd4 Kf7 21. g4 Bd6 22. Rf2 Rhe8 23. gxf5 Be5 24. Rd1 Bxd4 25. Rxd4 Re5 26.
Ne4 Rc1+ 27. Kg2 h6 28. f6 g5 29. Rc4 Rxc4 30. Nd6+ Kf8 31. bxc4 Re3 32. Nf5 Bxf5 33. Rxf5 Kf7 34. d6 Rd3 35. c5 a5 36. Kf2 a4 37. Ke2 Rd4 38. Ke3 Rd1 39. Ke4 Rd2 40. Rd5 Re2+ 41. Kf3 Re8 42. d7 Rd8 43. Rd6 h5 44.
Ke4 Kg6 45. Kd5 g4 46. c6 bxc6+ 47. Kxc6 h4 48. Kc7 1-0

[Event "GrandPrix_30.05"]
[Site "Chess.com"]
[Date "2020.05.30"]
[Round "5"]
[White "ZEN-22"]
[Black "Grandelicious"]
[Result "0-1"]
[WhiteElo "2203"]
[BlackElo "2559"]
[TimeControl "600+2"]
[EndTime "10:17:33 PDT"]
[Termination "Grandelicious won by resignation"]

1. e4 c5 2. b4 cxb4 3. a3 bxa3 4. Nxa3 d6 5. d4 Nf6 6. Bd3 g6 7. h3 Bg7 8. Nf3 O-O 9. c4 e5 10. Nb5 exd4 11. Nxa7 Bd7 12. O-O Re8 13. Re1 Na6 14. Nb5 Bxb5 15. cxb5 Nc5 16. Rxa8 Qxa8 17. Bb2 Nfxe4 18.
Bxe4 Rxe4 19. Rxe4 Nxe4 20. Bxd4 Qa2 21. Kh2 Qd5 22. Kg1 Nc3 0-1

[Event "GrandPrix_30.05"]
[Site "Chess.com"]
[Date "2020.05.30"]
[Round "5"]
[White "EvgenyPigusov"]
[Black "Hakob-Hakobyan-Arm"]
[Result "1-0"]
[WhiteElo "2318"]
[BlackElo "2143"]
[TimeControl "600+2"]
[EndTime "10:17:53 PDT"]
[Termination "EvgenyPigusov won by resignation"]

1. Nf3 d5 2. g3 c6 3. c4 Bg4 4.
Bg2 e6 5. cxd5 Bxf3 6. Bxf3 cxd5 7. e4 Nf6 8. exd5 Nxd5 9. Nc3 Nxc3 10. dxc3 Qxd1+ 11. Kxd1 Nc6 12. Be3 Be7 13. Ke2 O-O-O 14. Bxc6 bxc6 15. Bxa7 c5 16. b4 cxb4 17. cxb4 Bxb4 18.
Rab1 Rd2+ 19. Kf3 Rxa2 20. Bd4 Bd6 21. Rhc1+ Kd8 22. Bxg7 Re8 23. Bf6+ Re7 24. Rb7 Ra5 25. Kg2 Rf5 26. Bxe7+ Bxe7 27. Ra1 Ke8 28. Rb8+ Bd8 29. Rd1 Rd5 30. Rxd5 exd5 31. Rb5 d4 32. Rh5 Bb6 33.
Kf1 Ke7 34. f3 Ke6 35. Ke2 1-0

[Event "GrandPrix_30.05"]
[Site "Chess.com"]
[Date "2020.05.30"]
[Round "5"]
[White "Natalya_Buksa"]
[Black "guylevin1"]
[Result "1-0"]
[WhiteElo "2081"]
[BlackElo "2095"]
[TimeControl "600+2"]
[EndTime "10:18:11 PDT"]
[Termination "Natalya_Buksa won by resignation"]

1. d4 Nf6 2. Nc3 d5 3. Bf4 g6 4.
e3 Bg7 5. h4 h5 6. Nf3 Bg4 7. Be2 c6 8. Ne5 Bxe2 9. Qxe2 Nbd7 10. O-O-O Qa5 11. Kb1 Nxe5 12. Bxe5 O-O-O 13. f3 Ne8 14. Bxg7 Nxg7 15. e4 Ne6 16. Qe3 Rd7 17. Rd3 dxe4 18.
fxe4 Qb6 19. Rhd1 Rhd8 20. Ne2 Nc7 21. Qf3 e6 22. c4 Na6 23. a3 Qa5 24. Qe3 e5 25. d5 Qb6 26. Qxb6 axb6 27. Nc3 Nc5 28. Rf3 Nb3 29. Na4 Nd4 30. Nxb6+ Kc7 31. Nxd7 Nxf3 32. gxf3 Rxd7 33. Kc2 c5 34. b4 b6 35. bxc5 bxc5 36. Rb1 Rd6 37. Rb5 Rf6 38. Rxc5+ Kd7 39. Ra5 Rxf3 40.
c5 Re3 41. Ra7+ Kc8 42. Rxf7 Rxe4 43. Kc3 Rxh4 44. d6 Rd4 45. Re7 Ra4 46. c6 Rxa3+ 47.
Kb4 1-0

[Event "GrandPrix_30.05"]
[Site "Chess.com"]
[Date "2020.05.30"]
[Round "5"]
[White "MiroVlasenko"]
[Black "VolodymyrMolyboha"]
[Result "1/2-1/2"]
[WhiteElo "2307"]
[BlackElo "2195"]
[TimeControl "600+2"]
[EndTime "10:18:49 PDT"]
[Termination "Game drawn by repetition"]

1. e4 g6 2. d4 Bg7 3. Nc3 d6 4. f4 c6 5. Nf3 Bg4 6. Be3 d5 7. e5 e6 8. h3 Bxf3 9. Qxf3 h5 10. g4 Qh4+ 11. Bf2 hxg4 12. Qg2 gxh3 13. Rxh3 Qxh3 14.
Qxh3 Rxh3 15. Bxh3 Nd7 16. Bh4 Bh6 17. Ne2 c5 18. c3 Rc8 19. Kd2 Nb6 20. b3 cxd4 21.
cxd4 Ne7 22. Rh1 Nc6 23. Bf6 Bf8 24. Bf1 a6 25. Rh8 Nd7 26. Bg5 Ne7 27. Bh3 Nc6 28.
Bh6 Ke7 29. Bg5+ Ke8 30. Bh6 b5 31. a3 Na5 32. Nc1 Ke7 33. Bg5+ Ke8 34. Bh6 Ke7 35. Bg5+ Ke8 36. Bh6 1/2-1/2

[Event "GrandPrix_30.05"]
[Site "Chess.com"]
[Date "2020.05.30"]
[Round "5"]
[White "WhiteCapital80"]
[Black "AlexVanGog"]
[Result "1-0"]
[WhiteElo "2364"]
[BlackElo "2429"]
[TimeControl "600+2"]
[EndTime "10:19:10 PDT"]
[Termination "WhiteCapital80 won by resignation"]

1. e4 c5 2. Nf3 d6 3. d4 cxd4 4. Nxd4 Nf6 5. Nc3 a6 6. Be2 e5 7. Nb3 Be7 8. O-O O-O 9. Kh1 b5 10. a4 b4 11. Nd5 Be6 12. f4 Bxd5 13. exd5 Nbd7 14. fxe5 Nxe5 15. Nd4 Nxd5 16. Nf5 Nc7 17. Bd2 a5 18. c3 bxc3 19. Bxc3 Ne6 20. Qd5 Bf6 21.
Nxd6 Nd7 22. Nxf7 Kxf7 23. Rad1 Ra7 24. Bc4 Re8 25. Qh5+ Kg8 26. Bxf6 gxf6 27. Qg4+ Kf7 28. Rd6 1-0

[Event "GrandPrix_30.05"]
[Site "Chess.com"]
[Date "2020.05.30"]
[Round "5"]
[White "tsvet2005"]
[Black "NikolaN98"]
[Result "1-0"]
[WhiteElo "2227"]
[BlackElo "2068"]
[TimeControl "600+2"]
[EndTime "10:19:45 PDT"]
[Termination "tsvet2005 won by resignation"]

1. d4 e6 2. c4 f5 3. Nf3 Nf6 4. g3 Be7 5. Bg2 O-O 6. O-O d6 7. Nc3 a5 8. b3 Ne4 9. Nxe4 fxe4 10. Ne1 d5 11. f3 Nc6 12. fxe4 Rxf1+ 13. Kxf1 dxc4 14.
Nf3 e5 15. d5 cxb3 16. Bb2 Nb4 17. axb3 Bd6 18. Qd2 Qe7 19. Kg1 Bd7 20. Qc3 Re8 21.
Rxa5 b6 22. Ra7 Bg4 23. Kh1 Qd7 24. Qd2 h6 25. Nxe5 Rxe5 26. Bxe5 Bxe5 27. Qxb4 Bxe2 28.
Ra8+ Kh7 29. Qf8 Bb5 30. Qf5+ g6 31. Qxe5 1-0

[Event "GrandPrix_30.05"]
[Site "Chess.com"]
[Date "2020.05.30"]
[Round "5"]
[White "bratkoo"]
[Black "Kiril1965"]
[Result "0-1"]
[WhiteElo "2186"]
[BlackElo "2510"]
[TimeControl "600+2"]
[EndTime "10:19:57 PDT"]
[Termination "Kiril1965 won by resignation"]

1. e4 e5 2. Nf3 Nc6 3. Bc4 Bc5 4. O-O d6 5. c3 Qf6 6. h3 Nge7 7. d4 exd4 8. Bg5 Qg6 9. cxd4 Nxd4 10. Bxe7 Nxf3+ 11. Qxf3 Kxe7 12. Nc3 c6 13. Rad1 Re8 14. Na4 Be6 15.
Nxc5 Bxc4 16. Nd3 Kf8 17. Rfe1 Bxa2 18. Nf4 Qf6 19. Qg3 Rad8 20. e5 Rxe5 21. Rxe5 dxe5 22.
Qa3+ Kg8 23. Rxd8+ Qxd8 24. Qxa2 exf4 25. Qxa7 Qc8 26.
Qd4 Qc7 27. h4 h6 28. h5 Qa5 29. Qxf4 Qa1+ 30. Kh2 Qxb2 31. Qf5 Qb5 32. Qc8+ Kh7 33.
g4 Qe5+ 34. Kg2 Qd5+ 35. f3 b5 36. Qb7 Qd2+ 37. Kh3 Qd5 38. Kg2 f5 39. Kg3 Qe5+ 40. Kh3 fxg4+ 41. fxg4 Qe4 42. Qf7 b4 43. Kh4 c5 44. Qf8 b3 45. Kh3 b2 46. g5 hxg5 47. h6 Qh1+ 48. Kg3 Qh4+ 49. Kg2 Qe4+ 50. Kh3 Kxh6 0-1

[Event "GrandPrix_30.05"]
[Site "Chess.com"]
[Date "2020.05.30"]
[Round "5"]
[White "cassoulet"]
[Black "PavelShkapenko"]
[Result "1/2-1/2"]
[WhiteElo "2209"]
[BlackElo "2401"]
[TimeControl "600+2"]
[EndTime "10:19:58 PDT"]
[Termination "Game drawn by agreement"]

1. e4 c5 2. Nf3 e6 3. d4 cxd4 4. Nxd4 Nf6 5. Nc3 Nc6 6. Ndb5 Bb4 7. a3 Bxc3+ 8. Nxc3 d5 9. exd5 exd5 10. Bd3 d4 11.
Ne2 Bf5 12. Bxf5 Qa5+ 13. b4 Qxf5 14. O-O O-O 15. Nxd4 Nxd4 16. Qxd4 Qxc2 17. Bg5 Rfd8 18. Qh4 Rd6 19. Rac1 Qf5 20. Rc7 b5 21. Bxf6 Qxf6 22. Qxf6 Rxf6 23. Rd1 g6 24. f3 a5 25. Rd5 axb4 26. axb4 Ra2 27. Rxb5 Rd6 28. h4 Rdd2 29. Rg5 Rab2 30. Rb7 h6 31. Rg3 h5 32. Kh2 Rd4 33.
Kh3 Rbxb4 34. Rxb4 Rxb4 35. Rg5 1/2-1/2

[Event "GrandPrix_30.05"]
[Site "Chess.com"]
[Date "2020.05.30"]
[Round "5"]
[White "AliKa2810"]
[Black "chansen64"]
[Result "0-1"]
[WhiteElo "2105"]
[BlackElo "2075"]
[TimeControl "600+2"]
[EndTime "10:20:06 PDT"]
[Termination "chansen64 won by resignation"]

1. d4 Nf6 2. c4 e6 3. Nf3 Bb4+ 4. Nbd2 d5 5. a3 Be7 6. Qc2 O-O 7. g3 b6 8. Bg2 Bb7 9. O-O Nbd7 10. Rd1 Rc8 11. b3 c5 12. Bb2 cxd4 13. Nxd4 Qc7 14. Rac1 Qb8 15. Qb1 Rfd8 16. cxd5 Nxd5 17. Nc4 a6 18. e4 N5f6 19. e5 Nd5 20. h4 Ba8 21. Nf5 exf5 22. Bxd5 Bxd5 23. Rxd5 g6 24. Rcd1 Nf8 25.
h5 Rxd5 26. Rxd5 Rd8 27. Nd6 Ne6 28. Qd1 Bf8 29. b4 Qc7 30. Qd3 b5 31. Qd2 Qc6 32. Rd3 Qa8 33. hxg6 hxg6 34. Kh2 Be7 35. f4 Kg7 36. Qg2 Qa7 37. Rd2 Rh8+ 0-1

[Event "GrandPrix_30.05"]
[Site "Chess.com"]
[Date "2020.05.30"]
[Round "5"]
[White "LuckyLuka04"]
[Black "nikosgal"]
[Result "0-1"]
[WhiteElo "2150"]
[BlackElo "2261"]
[TimeControl "600+2"]
[EndTime "10:20:21 PDT"]
[Termination "nikosgal won by resignation"]

1. d4 Nf6 2. Nf3 e6 3. Bf4 c5 4. e3 Be7 5. Bd3 O-O 6. h3 b6 7. c3 Bb7 8. O-O cxd4 9. cxd4 Ba6 10. Nc3 Qc8 11. e4 Bxd3 12. Qxd3 Qb7 13. Rac1 d5 14. e5 Ne4 15. Nb5 Nc6 16. Nh2 a6 17. Na3 f6 18.
exf6 Bxf6 19. Be3 Rac8 20. Nc2 Na5 21. Ng4 Be7 22. f3 Ng3 23. Rfe1 Nc4 24. Bf2 Nh5 25. b3 Nf4 26. Qc3 Ne5 27. Qe3 Ned3 28. Kh1 Nxe1 29.
Nxe1 Rxc1 30. Qxc1 Bd6 31. Qe3 Qe7 32. Bg3 Ng6 33.
Bf2 h5 34. Ne5 Nxe5 35. dxe5 Bc5 36. Qe2 Bxf2 37. Qxf2 Qc5 38. Qh4 Qe3 39. Nc2 Qxe5 40. Qf2 Rc8 41. Qd4 Qxd4 42. Nxd4 e5 43. Nf5 Rc1+ 44.
Kh2 d4 45. Ng3 d3 46. Ne4 Re1 47. Kg3 Rxe4 48. fxe4 d2 0-1

[Event "GrandPrix_30.05"]
[Site "Chess.com"]
[Date "2020.05.30"]
[Round "5"]
[White "cukus"]
[Black "chessfreak35"]
[Result "0-1"]
[WhiteElo "2204"]
[BlackElo "2464"]
[TimeControl "600+2"]
[EndTime "10:20:30 PDT"]
[Termination "chessfreak35 won by resignation"]

1. e4 e5 2. Nf3 Nc6 3. Bb5 Nf6 4.
O-O Nxe4 5. Re1 Nd6 6. Nxe5 Be7 7. Bf1 Nxe5 8. Rxe5 O-O 9. d4 Bf6 10. Re1 Re8 11.
Bf4 Rxe1 12. Qxe1 Ne8 13. Nc3 Bxd4 14. Nd5 d6 15. Bg5 f6 16. Bh4 c6 17. c3 Be5 18. Nb4 Bf5 19. Rd1 d5 20. c4 Qd6 21.
cxd5 Bxh2+ 22. Kh1 c5 23. Nc2 Bxc2 24. Rc1 Bf5 25. g3 g5 26. Bxg5 fxg5 27. Kxh2 Nf6 28. Kg1 Re8 29. Qd1 Ne4 30. Qf3 Bg6 31. Qg4 Rf8 32. Bh3 Bf5 33. Qh5 Bxh3 34. Qxh3 Nxf2 35. Qg2 g4 36. Re1 Rf3 37. Re6 Qxd5 38. Re8+ Kf7 39. Rb8 Nh3+ 40. Kh2 Rf2 0-1

[Event "GrandPrix_30.05"]
[Site "Chess.com"]
[Date "2020.05.30"]
[Round "5"]
[White "fm_magua"]
[Black "Khvicha_Supatashvili"]
[Result "0-1"]
[WhiteElo "1900"]
[BlackElo "2240"]
[TimeControl "600+2"]
[EndTime "10:20:45 PDT"]
[Termination "Khvicha_Supatashvili won by resignation"]

1. e4 c5 2. Nf3 Nc6 3. d4 cxd4 4.
Nxd4 Nf6 5. Nc3 d6 6. Bc4 e6 7. Bb3 Be7 8. O-O O-O 9. f4 Na5 10. f5 Nxb3 11. axb3 Bd7 12. Kh1 a6 13. Bg5 h6 14.
Bh4 Rc8 15. Qf3 Rc7 16. Rad1 Qc8 17. Nde2 b5 18. b4 Bc6 19. Bxf6 Bxf6 20. Rxd6 Be5 21. Rdd1 a5 22. fxe6 fxe6 23. Qxf8+ Qxf8 24. Rxf8+ Kxf8 25. Nd4 Bxd4 26. Rxd4 e5 27. Rd2 axb4 28. Nd5 Bxd5 29. exd5 Rf7 30. Kg1 Ke7 31. Re2 Kd6 32. Re4 Rf4 33. Re3 Kxd5 34. g3 Rd4 35. Rb3 Rd1+ 36. Kg2 Rd2+ 37. Kh3 Kc4 38. Re3 Kd4 39. Rb3 Rxc2 40.
Rxb4+ Kc5 41. Re4 Kd5 42. Rb4 Rc5 43. b3 e4 44. Kg4 Ke5 45. h4 g6 46. h5 g5 47. Kh3 Rd5 48. Kg2 Kf5 49. Kf2 Re5 50.
Ke3 Kg4 51. Rd4 Kxh5 52. Rd6 Kg4 53. Rxh6 Kxg3 54. b4 g4 55. Kd4 Re8 56. Ke3 Kg2 57. Rg6 g3 58. Kf4 e3 59. Rxg3+ Kf2 60. Rf3+ Ke2 61. Rh3 Kd2 0-1

[Event "GrandPrix_30.05"]
[Site "Chess.com"]
[Date "2020.05.30"]
[Round "5"]
[White "LANCELOT96"]
[Black "Karacsonyi_Gellert"]
[Result "1-0"]
[WhiteElo "2186"]
[BlackElo "2191"]
[TimeControl "600+2"]
[EndTime "10:20:51 PDT"]
[Termination "LANCELOT96 won by resignation"]

1. d4 Nf6 2. c4 e6 3. Nf3 d5 4. Nc3 Nbd7 5. Bg5 Be7 6. e3 h6 7.
Bh4 O-O 8. c5 c6 9. Be2 Ne4 10.
Bxe7 Qxe7 11. Nxe4 dxe4 12. Nd2 f5 13. Nc4 e5 14.
Nd6 b6 15. b4 exd4 16. Qxd4 a5 17. cxb6 Nxb6 18. bxa5 Nd5 19. Nxc8 Rfxc8 20. a6 Rd8 21. O-O Kh8 22. Rfc1 f4 23. exf4 Nxf4 24. Qe3 Qg5 25. g3 Rf8 26. Bf1 Qg6 27. Rc4 Qf6 28. Qd4 Nd3 29.
Qxf6 Rxf6 30. Rxe4 Nxf2 31. Rf4 Rxf4 32. gxf4 Ne4 33.
Rc1 Nf6 34. Rxc6 Nd5 35. Bg2 Nxf4 36. Rxh6+ 1-0